 Dungeon Crawl Stone Soup version 0.32-a0-630-g46d191b0ed (webtiles) character file.

Game seed: 10700329975321696448

4056 Strat the Thaumaturge (level 10, 0/107 HPs)
             Began as an Oni Hedge Wizard on Mar 6, 2024.
             Was a Follower of Beogh.
             Slain by a wyvern (4 damage)
             ... on level 9 of the Dungeon.
             The game lasted 00:22:46 (9594 turns).

Strat the Thaumaturge (Oni Hedge Wizard)            Turns: 9594, Time: 00:22:47

Health: 0/107      AC: 12    Str: 20    XL:     10   Next: 25%
Magic:  10/25      EV:  9    Int: 15    God:    Beogh [*.....]
Gold:   1164       SH:  0    Dex:  8    Spells: 23/31 levels left

rFire   . . .        a - +2 hammer (protect)
rCold   . . .        (no shield)
rNeg    . . .        b - +0 robe
rPois   .            c - +0 hat
rElec   .            C - +1 cloak {Will+}
rCorr   .            (gloves unavailable)
SInv    .            (boots unavailable)
Will    ++...        (no amulet)
Stlth   +            r - ring of wizardry
HPRegen 0.37/turn    (no ring)
MPRegen 0.19/turn

%: wizardry (x1)
@: under a protective aura, very slightly contaminated
A: large, unfitting armour, horns 1, tough skin 1, double potion healing,
drunken brawling
a: Renounce Religion


You were on level 9 of the Dungeon.
You worshipped Beogh.
Beogh was aware of your devotion.
You visited 1 branch of the dungeon, and saw 9 of its levels.

You collected 1164 gold pieces.

Inventory:

Hand Weapons
 a - a +2 hammer of protection (weapon)
 h - a +0 whip
 l - a +0 mace
 n - a +0 flail
 D - a +0 dagger
Missiles
 e - 2 javelins
 g - 4 atropa-tipped darts
 o - 21 poisoned darts
 p - 2 datura-tipped darts (quivered)
 w - a curare-tipped dart
Armour
 b - a +0 robe (worn)
 c - a +0 hat (worn)
 C - a +1 cloak of willpower (worn)
Jewellery
 r - a ring of wizardry (left hand)
Wands
 j - a wand of flame (17)
 q - a wand of paralysis (5)
 y - a wand of warping (24)
Scrolls
 f - a scroll of poison {unknown}
 k - 2 scrolls of vulnerability
 v - a scroll of noise
Potions
 d - a potion of magic
 i - a potion of heal wounds
 m - 4 potions of curing
 s - a potion of mutation
 u - a potion of lignification {unknown}
 x - 2 potions of brilliance
 A - a potion of resistance
 B - a potion of haste {unknown}


   Skills:
 + Level 9.2 Fighting
 + Level 8.3 Maces & Flails
 - Level 1.7 Dodging
 - Level 1.4 Stealth
 + Level 11.1 Spellcasting
 - Level 0.8 Conjurations
 - Level 0.8 Summonings
 - Level 0.8 Translocations


You had 23 spell levels left.
You knew the following spells:

 Your Spells              Type           Power      Damage    Failure   Level
a - Magic Dart            Conj           40%        1d5       2%          1
b - Blink                 Tloc           20%        N/A       4%          2
c - Call Imp              Summ           20%        N/A       4%          2
d - Mephitic Cloud        Conj/Alch/Air  9%         N/A       10%         3

Your spell library contained the following spells:

 Spells                   Type           Power      Damage    Failure   Level
 Necrotise                Necr           32%        1d5       3%          1
 Slow                     Hex            32%        N/A       3%          1
 Sting                    Conj/Alch      36%        1d5       3%          1
 Cigotuvi's Dreadful Rot  Necr/Alch/Air  16%        N/A       5%          2
 Ensorcelled Hibernation  Hex/Ice        16%        N/A       5%          2
 Mercury Vapours          Alch/Air       16%        N/A       5%          2
 Fugue of the Fallen      Necr           8%         N/A       11%         3
 Inner Flame              Hex/Fire       8%         N/A       11%         3
 Vampiric Draining        Necr           8%         2d6       11%         3
 Martyr's Knell           Necr/Summ      9%         N/A       28%         4
 Vhi's Electric Charge    Tloc/Air       18%        N/A       28%         4
 Anguish                  Hex/Necr       4%         N/A       32%         4
 Olgreb's Toxic Radiance  Alch           8%         N/A       32%         4
 Arcjolt                  Conj/Air       4%         1d14      58%         5
 Irradiate                Conj/Alch      4%         3d13      58%         5
 Curse of Agony           Necr           8%         N/A       65%         5
 Plasma Beam              Fire/Air       4%         2x1d14    99%         6
 Ignition                 Fire           4%         3d4       100%        8


Dungeon Overview and Level Annotations

Branches:
Dungeon (9/15)             Temple (0/1) D:5            Lair (0/5) D:8
    Orc: D:9-12

Altars:
Elyvilon
Makhleb
Okawaru
Vehumet

Shops:
D:4 :

Annotations:
D:4 Eustachio


Innate Abilities, Weirdness & Mutations

You are too large for most types of armour.
You have a pair of small horns on your head.
You have tough skin. (AC +1)
You gain doubled healing and magic from potions.
Whenever you drink a healing potion, you attack all around you.


Message History

You hear an angry buzzing noise.
The killer bee is engulfed in noxious fumes.
The killer bee appears confused.
You feel sick.
The killer bee is engulfed in noxious fumes.
The killer bee appears confused.
The orc goes up the stairs.
The killer bee is engulfed in noxious fumes.
The killer bee appears confused.
A wyvern comes into view.
Found a stone staircase leading down.
You feel sick.
You are no longer poisoned.
The wyvern closely misses you.
Casting: Mephitic Cloud (dangerous; 10% risk of failure)
Confirm with . or Enter, or press ? or * to list all spells.
You miscast Call Imp.
You are very lightly contaminated with residual magic.
Nothing appears to happen.
You feel ready to blink again. The wyvern bites you!
* * * LOW HITPOINT WARNING * * *
The wyvern completely misses you. The wyvern bites you!
* * * LOW HITPOINT WARNING * * *
You hit the wyvern but do no damage.
Your weapon exudes an aura of protection.
Your headbutt misses the wyvern. The wyvern bites you!
* * * LOW HITPOINT WARNING * * *
The wyvern bites you!
* * * LOW HITPOINT WARNING * * *
You sock the wyvern! You headbutt the wyvern.
The wyvern is heavily wounded.
The wyvern bites you!
* * * LOW HITPOINT WARNING * * *
You hit the wyvern but do no damage. Your headbutt misses the wyvern.
The wyvern is moderately wounded.
The wyvern bites you!
* * * LOW HITPOINT WARNING * * *
The wyvern bites you.
You die...

###########
#..........
#.....>....
#####.k@.......
#.....######+##
#.....# #.....#
#.....#
#.....######
#....o......
#.....$.....
#.$...#+#


You could see a wyvern.

Vanquished Creatures
  Maurice (D:7)
  A komodo dragon (D:8)
  Sigmund (D:2)
  3 yaks (D:8)
  Menkaure (D:7)
  4 water moccasins
  An orc warrior (D:7)
  2 ogres (D:6)
  2 centaurs
  2 kobold brigands
  A phantom (D:5)
  Blork the orc (D:5)
  3 bullfrogs
  3 scorpions
  5 killer bees (D:7)
  An electric eel (D:6)
  A howler monkey (D:7)
  2 hounds
  3 jellies
  Crazy Yiuf (D:2)
  A gnoll bouda (D:7)
  Jessica (D:3)
  3 sleepcaps
  3 iguanas
  An orc wizard (D:7)
  Robin (D:3)
  4 gnolls (D:7)
  4 adders
  A shadow imp (D:6)
  3 white imps (D:7)
  2 ufetubi (D:6)
  A ribbon worm (D:4)
  A dart slug (D:1)
  13 orcs
  10 endoplasms
  4 giant cockroaches
  12 goblins
  9 hobgoblins
  4 jackals (D:4)
  A ball python (D:3)
  4 bats
  3 frilled lizards
  16 kobolds
  4 rats
145 creatures vanquished.

Vanquished Creatures (collateral kills)
  An ice beast (D:5)
  An ogre (D:4)
  A killer bee (D:7)
  A bombardier beetle (D:3)
  An adder (D:4)
  3 orcs (D:4)
  A hobgoblin (D:4)
  A kobold (D:4)
  3 goblins
13 creatures vanquished.

Vanquished Creatures (others)
  A killer bee (D:7)
1 creature vanquished.

Grand Total: 159 creatures vanquished

Notes
Turn   | Place    | Note
-------+----------+-------------------------------------------
     0 | D:1      | Strat the Oni Hedge Wizard began the quest for the Orb.
     0 | D:1      | Reached XP level 1. HP: 16/16 MP: 5/5
   187 | D:1      | Reached skill level 1 in Fighting
   355 | D:1      | Reached XP level 2. HP: 19/28 MP: 6/6
   392 | D:1      | Learned a level 2 spell: Blink
   395 | D:1      | Learned a level 2 spell: Call Imp
   539 | D:1      | Reached skill level 1 in Maces & Flails
  1189 | D:2      | Reached XP level 3. HP: 29/36 MP: 8/8
  1327 | D:2      | Noticed Sigmund
  1650 | D:2      | Found a runed translucent door.
  1651 | D:2      | Noticed Crazy Yiuf
  1898 | D:3      | Noticed Jessica
  1905 | D:3      | Learned a level 3 spell: Mephitic Cloud
  1915 | D:3      | Killed Jessica
  1916 | D:3      | Reached XP level 4. HP: 45/45 MP: 3/9
  2398 | D:3      | Identified the +4 robe of Benkeh {rElec Str+3}
  2403 | D:3      | Found a burning altar of Makhleb.
  2403 | D:3      | Noticed an Executioner
  2568 | D:4      | Noticed a walking divine tome
  2568 | D:4      | Noticed a walking frostbound tome
  2568 | D:4      | Found Lullyax's Book Emporium.
  2622 | D:4      | Noticed an ogre
  2647 | D:4      | Killed an ogre
  2648 | D:4      | Reached XP level 5. HP: 54/54 MP: 6/10
  2935 | D:4      | Noticed Eustachio
  3093 | D:4      | Noticed Robin
  3312 | D:3      | Killed Robin
  3313 | D:3      | Reached XP level 6. HP: 61/63 MP: 9/11
  3926 | D:2      | Killed Crazy Yiuf
  4016 | D:2      | Killed Sigmund
  4017 | D:2      | Reached skill level 5 in Fighting
  4017 | D:2      | Reached skill level 5 in Maces & Flails
  4017 | D:2      | Reached XP level 7. HP: 61/72 MP: 9/12
  4168 | D:5      | Entered Level 5 of the Dungeon
  4579 | D:5      | Noticed Blork the orc
  4589 | D:5      | Killed Blork the orc
  5093 | D:5      | Found a staircase to the Ecumenical Temple.
  5527 | D:6      | Reached XP level 8. HP: 80/84 MP: 10/13
  5641 | D:6      | Reached skill level 4 in Spellcasting
  5738 | D:6      | Found an iron altar of Okawaru.
  5820 | D:6      | Reached skill level 5 in Spellcasting
  5836 | D:6      | Found a radiant altar of Vehumet.
  5915 | D:6      | Reached skill level 6 in Spellcasting
  6038 | D:6      | You fall into a shaft and drop 1 floor!
  6542 | D:5      | Reached skill level 7 in Spellcasting
  6617 | D:6      | Became a worshipper of Beogh the Shepherd
  6850 | D:6      | Found a white marble altar of Elyvilon.
  6947 | D:7      | Noticed Maurice
  7102 | D:7      | Noticed Menkaure
  7108 | D:7      | Killed Menkaure
  7109 | D:7      | Reached skill level 8 in Spellcasting
  7109 | D:7      | Reached XP level 9. HP: 85/93 MP: 18/21
  7320 | D:7      | Killed Maurice
  7321 | D:7      | Reached skill level 9 in Spellcasting
  7702 | D:8      | Identified a scroll of acquirement
  7702 | D:8      | Acquired 828 gold pieces
  7787 | D:8      | Reached skill level 10 in Spellcasting
  9276 | D:8      | Reached XP level 10. HP: 78/106 MP: 24/24
  9382 | D:8      | Reached skill level 11 in Spellcasting
  9413 | D:8      | Reached * piety under Beogh
  9442 | D:7      | HP: 5/107 [poisoned by a killer bee]
  9594 | D:9      | HP: 4/107 [wyvern (11)]
  9594 | D:9      | Slain by a wyvern

Illustrated notes

Levels and vault maps discovered:
D:1:      minmay_arrival_split_and_join, layout_basic
D:2:      layout_loops_ring, uniq_crazy_yiuf_cottage, uniq_sigmund
D:3:      layout_rooms, makhleb_altar_promises_db, nrook_uturn, uniq_jessica
D:4:      layout_rooms, serial_shops, nicolae_shop_mannequins, uniq_robin,
          uniq_eustachio
D:5:      layout_basic, minmay_temple_entry_hall, uniq_blork_the_orc
D:6:      layout_cave_pools, nicolae_elyvilon_temple_path,
          nicolae_vehumet_radiance, kennysheep_mini_moat, minmay_misc_feat_tiny,
          chequers_serial_rivers_large_b
D:7:      layout_basic, uniq_menkaure, uniq_maurice
D:8:      layout_basic, due_lair_maze_entry_diamond, solitary_fountain
D:9:      layout_irregular_city, serial_column_ruins, column_ruins_grid_3,
          column_ruins_open_tiny, column_ruins_grid_1,
          nicolae_houndstooth_variations, uniq_maggie, uniq_jeremiah

Skill      XL: |  1  2  3  4  5  6  7  8  9 10 |
---------------+-------------------------------+-----
Fighting       | 1 2 3 4 5 6 7 8 9 |  9.2
Maces & Flails | 1 2 3 4 5 6 7 8 |  8.3
Spellcasting   | 8 10 11 | 11.1
Dodging        | |  1.7
Stealth        | |  1.4
Conjurations   | |  0.8
Summonings     | |  0.8
Translocations | |  0.8

Action                     |  1- 3 |  4- 6 |  7- 9 | 10-12 || total
---------------------------+-------+-------+-------+-------++-------
  Melee: Whip              |    14 |       |       |       ||    14
         Dagger            |     4 |       |       |       ||     4
         Headbutt          |    10 |    26 |    59 |     7 ||   102
         Mace              |    45 |   110 |   305 |    24 ||   484
  Throw: Dart              |     1 |       |       |       ||     1
   Cast: Magic Dart        |     4 |       |     3 |       ||     7
         Mephitic Cloud    |     1 |     4 |    21 |     7 ||    33
         Call Imp          |       |    10 |    22 |     3 ||    35
         Blink             |       |       |     8 |     4 ||    12
 Invoke: Convert to Beogh  |       |       |     1 |       ||     1
  Evoke: Wand              |       |       |     5 |       ||     5
    Use: Scroll            |       |       |    19 |     3 ||    22
         Potion            |       |       |     3 |     3 ||     6
   Stab: Sleeping          |     1 |     1 |     1 |       ||     3
         Confused          |     1 |       |    15 |     1 ||    17
         Distracted        |       |     2 |     2 |       ||     4
         Paralysed         |       |       |     2 |       ||     2
         Fleeing           |       |       |       |     1 ||     1
 Armour: Robe              |    53 |    82 |   261 |    62 ||   458
  Dodge: Dodged            |    28 |    48 |   162 |    42 ||   280

Table legend: (Time is in decaauts)
 A = Elapsed time spent in this place.
 B = Non-inter-level travel time spent in this place.
 C = Inter-level travel time spent in this place.
 D = Time resting spent in this place.
 E = Time spent auto-exploring this place.
 F = Levels seen in this place.
 G = Mean time per level.
                   A        B        C        D        E       F      G
               +--------+--------+--------+--------+--------+-----+--------+
         Total |   9668 |   9096 |    572 |   2421 |   4175 |   9 | 1074.2 |
       Dungeon |   9668 |   9096 |    572 |   2421 |   4175 |   9 | 1074.2 |
               +--------+--------+--------+--------+--------+-----+--------+

Top non-repeatable levels by time:
     D:7: 2138 daAuts
     D:5: 1345 daAuts
     D:6: 1279 daAuts
     D:1: 1129 daAuts
     D:4: 1050 daAuts
     D:3: 1036 daAuts
     D:2: 996 daAuts
     D:8: 669 daAuts
     D:9: 23 daAuts
